 Dungeon Crawl Stone Soup version 0.26.1-2-gb8aa6d0cf2 (webtiles) character file.

Game seed: 17912795222516355331

1289 Gadfly the Cutter (level 8, -8/54 HPs)
             Began as a Halfling Fighter on Feb 14, 2021.
             Killed by divine providence
             ... invoked by an orc priest
              (16 damage)
             ... on level 6 of the Dungeon.
             The game lasted 00:10:54 (7292 turns).

Gadfly the Cutter (Halfling Fighter)                Turns: 7292, Time: 00:10:54

Health: -8/54      AC: 13    Str: 19    XL:     8   Next: 85%
Magic:  11/11      EV:  3    Int:  6    God:
Gold:   208        SH: 10    Dex: 14    Spells: 7/7 levels left

rFire    . . .     SeeInvis .   s - +2 whip (elec)
rCold    . . .     Faith    .   c - +0 kite shield
rNeg     . . .     Spirit   .   o - +0 chain mail
rPois    .         Reflect  .   j - +1 helmet
rElec    .         Harm     .   l - +0 cloak
rCorr    .         Rampage  .   (no gloves)
Will     .....                  (no boots)
Stlth    ..........             (no amulet)
HPRegen  0.18/turn              h - -4 ring of evasion (curse)
MPRegen  0.12/turn              (no ring)

@: no status effects
A: small, mutation resistance 1
a: no special abilities


You were on level 6 of the Dungeon.
You visited 1 branch of the dungeon, and saw 6 of its levels.
You also visited: Sewer.

You collected 208 gold pieces.

Inventory:

Hand Weapons
 a - a +0 rapier
 b - a +0 hunting sling
 s - a +2 whip of electrocution (weapon)
Missiles
 e - 201 stones (quivered)
 g - 34 sling bullets
Armour
 c - a +0 kite shield (worn)
 j - a +1 helmet (worn)
 l - a +0 cloak (worn)
 o - a +0 chain mail (worn)
Jewellery
 h - a cursed -4 ring of evasion (left hand)
Scrolls
 i - a scroll of fog
 p - 4 scrolls of teleportation
Potions
 d - 2 potions of might
 f - a potion of haste
 k - a potion of mutation
 m - a potion of heal wounds
 q - a potion of attraction
 t - a potion of curing


   Skills:
 + Level 4.0 Fighting
 * Level 5.7 Short Blades
 + Level 4.3 Slings
 + Level 4.9 Armour
 + Level 4.7 Shields
 * Level 4.7 Invocations
 * Level 4.2 Evocations


You had 7 spell levels left.
You didn't know any spells.
Your spell library was empty.

Dungeon Overview and Level Annotations

Branches:
Dungeon (6/15)              Sewer (visited)
 Temple: D:4-7

Altars:
Nemelex Xobeh
Ru


Innate Abilities, Weirdness & Mutations

You are small and have problems with some larger weapons.
You are somewhat resistant to further mutation.


Message History

Unknown command.
Your chain mail prevents you from hitting the orc warrior.
The orc warrior is moderately wounded.
The orc warrior hits you with a +0 trident.
* * * LOW HITPOINT WARNING * * *
A quokka comes into view.
The orc priest hits you but does no damage.
You closely miss the orc warrior.
The orc warrior is moderately wounded.
The orc warrior hits you but does no damage.
The orc priest hits you but does no damage.
The orc warrior completely misses you.
The orc priest casts a cantrip, but nothing happens.
You see here a potion of brilliance.
The orc priest invokes the aid of Beogh against you.
Beogh smites you!
* * * LOW HITPOINT WARNING * * *
The orc priest mumbles some strange prayers to Beogh against you.
Beogh smites you!
You die...

#... ... #. ###.#.#.#.. #.
#.........# #.###
###.#.#.#.#.# ....#
####...........# #.#.#
##....#.......#.#
#.#.###...............##
######.#.##.#..#.#.....#.#...
......rooo..@...........#..##
..####.#.##..#.#.#...#.#.#.#
#........#.......#....#
###.#.#.#.#.#.#.#.#.#.#
.######...................#
.........#...#.#######.#.##
.#######.###...# #...#
#.###.### ###.#
#.....###########.#


You could see an orc warrior, an orc priest, an orc and a quokka.

Vanquished Creatures
  Eustachio (D:4)
  An orc warrior (D:6)
  A sky beast (D:5)
  A phantom (D:3)
  2 ogres (D:4)
  A centaur (D:5)
  A hound (D:4)
  2 bullfrog skeletons (D:4)
  An orc wizard (D:4)
  An iguana (D:3)
  4 worker ants
  Natasha (thrice) (D:4)
  A hound skeleton (D:4)
  Robin (D:2)
  11 adders
  4 gnolls (D:4)
  An ufetubus (D:5)
  An ooze (D:2)
  3 worms
  3 dart slugs
  6 leopard geckos
  6 orcs
  6 giant cockroaches
  15 goblins
  8 hobgoblins
  13 jackals
  5 quokkas
  9 ball pythons
  9 bats
  5 frilled lizards
  9 kobolds
  2 quokka skeletons
  11 rats
  2 toadstools (D:1)
150 creatures vanquished.

Vanquished Creatures (others)
  8 fungi (D:1)
  19 plants (Sewer)
  2 toadstools (D:1)
29 creatures vanquished.

Grand Total: 179 creatures vanquished

Notes
Turn   | Place    | Note
-------+----------+-------------------------------------------
     0 | D:1      | Gadfly the Halfling Fighter began the quest for the Orb.
     0 | D:1      | Reached XP level 1. HP: 15/15 MP: 1/1
   237 | D:1      | Reached XP level 2. HP: 20/20 MP: 2/2
  1141 | D:2      | Reached skill level 1 in Invocations
  1141 | D:2      | Reached XP level 3. HP: 25/25 MP: 3/3
  1242 | D:2      | Reached skill level 1 in Slings
  1255 | D:2      | Reached skill level 1 in Evocations
  1341 | D:2      | Noticed Robin
  1371 | D:2      | Killed Robin
  1372 | D:2      | Reached skill level 3 in Short Blades
  1372 | D:2      | Reached XP level 4. HP: 13/30 MP: 4/4
  1891 | D:2      | Reached XP level 5. HP: 28/36 MP: 6/6
  2570 | D:3      | Found a sparkling altar of Nemelex Xobeh.
  2716 | D:3      | Noticed a phantom
  2802 | D:3      | Killed a phantom
  2803 | D:3      | Reached XP level 6. HP: 39/42 MP: 7/7
  2901 | D:3      | Found a glowing drain.
  2981 | Sewer    | Entered a sewer
  4295 | D:3      | Reached skill level 4 in Short Blades
  4634 | D:4      | Noticed an ogre
  4645 | D:4      | Killed an ogre
  4646 | D:4      | Reached XP level 7. HP: 36/46 MP: 9/9
  5046 | D:4      | HP: 1/46 [gnoll/+0 flail (2)]
  5353 | D:4      | Noticed Natasha
  5362 | D:4      | Killed Natasha
  5606 | D:4      | Noticed Natasha
  5619 | D:4      | Killed Natasha
  5620 | D:4      | Reached XP level 8. HP: 39/53 MP: 10/10
  5697 | D:4      | Noticed Eustachio
  5732 | D:4      | Killed Eustachio
  5733 | D:4      | Reached skill level 5 in Short Blades
  6036 | D:4      | Noticed Natasha
  6048 | D:4      | Killed Natasha
  6319 | D:5      | Entered Level 5 of the Dungeon
  6880 | D:5      | Found a sacrificial altar of Ru.
  7292 | D:6      | Killed from afar by an orc priest

Illustrated notes

Levels and vault maps discovered:
D:1:      dpeg_arrival_tiny_a, layout_basic, minmay_gold_behind_fungi
D:2:      layout_loops_ring, uniq_robin
D:3:      minmay_angry_zag, layout_basic, overflow_temple_1_default,
          gup_sewer_entry_spiral, minmay_misc_feat_x
D:4:      layout_gridville, uniq_natasha, uniq_eustachio
D:5:      layout_basic, nicolae_ru_the_path_less_chosen
D:6:      layout_loops_ring, hangedman_decor_riveting

Skill      XL: |  1  2  3  4  5  6  7  8 |
---------------+-------------------------+-----
Invocations    | 1 2 3 4 |  4.7
Slings         | 1 2 3 4 |  4.3
Evocations     | 1 2 3 4 |  4.2
Short Blades   | 3 4 5 |  5.7
Fighting       | 3 4 |  4.0
Armour         | 4 |  4.9
Shields        | 4 |  4.7

Action                   |  1- 3 |  4- 6 |  7- 9 || total
-------------------------+-------+-------+-------++-------
Melee: Rapier            |   118 |   252 |    27 ||   397
       Whip              |       |   101 |   197 ||   298
 Fire: Hunting sling     |       |     5 |       ||     5
  Use: Scroll            |     5 |     6 |     5 ||    16
       Potion            |       |     1 |     2 ||     3
Armor: Scale mail        |    44 |    20 |       ||    64
       Chain mail        |       |   118 |   116 ||   234
Dodge: Dodged            |    35 |   100 |    92 ||   227
Block: Kite shield       |    59 |   177 |   128 ||   364
